 Dungeon Crawl Stone Soup version 0.27-a0-1036-g8e1b44f6bd (webtiles) character file.

Game seed: 11485666116618329569

201 streetpizza the Insei (level 5, -8/40 HPs)
             Began as a Djinni Transmuter on Apr 18, 2021.
             Killed by divine providence
             ... invoked by an orc priest
              (11 damage)
             ... on level 3 of the Dungeon.
             The game lasted 00:12:38 (5352 turns).

streetpizza the Insei (Djinni Transmuter)           Turns: 5352, Time: 00:12:38

Health: -8/40      AC:  3    Str:  9    XL:     5   Next: 79%
Gold:   113        EV: 13    Int: 21    God:
                   SH:  0    Dex: 14

rFire    + + .     SeeInvis .   d - +2 dagger (venom)
rCold    x . .     Faith    .   (no shield)
rNeg     . . .     Spirit   .   a - +0 robe
rPois    ∞         Reflect  .   q - +0 helmet
rElec    .         Harm     .   (no cloak)
rCorr    .         Rampage  .   (no gloves)
Will     .....                  (boots unavailable)
Stlth    +.........             (no amulet)
HPRegen  0.13/turn              r - +6 ring of intelligence
MPRegen  0.00/turn              (no ring)

@: flying
A: fire resistance 2, cold vulnerability 1, float, innate caster, hp casting,
extra vitality 1
a: no special abilities


You were on level 3 of the Dungeon.
You visited 1 branch of the dungeon, and saw 4 of its levels.

You collected 113 gold pieces.

Inventory:

Hand Weapons
 d - a +2 dagger of venom (weapon)
Missiles
 e - 27 poisoned darts (quivered)
Armour
 a - a +0 robe (worn)
 q - a +0 helmet (worn)
Magical Staves
 k - a staff of cold
Jewellery
 j - an amulet of faith
 r - a +6 ring of intelligence (left hand)
Scrolls
 c - 2 scrolls of teleportation {unknown}
 f - a scroll of holy word {unknown}
 g - 4 scrolls of identify {unknown}
 h - a scroll of enchant armour {unknown}
 i - a scroll of amnesia {unknown}
 m - a scroll of immolation {unknown}
 o - 2 scrolls of fog {unknown}
Potions
 b - a potion of resistance {unknown}
 l - a potion of lignification {unknown}
 n - a potion of might {unknown}
 p - a potion of curing {unknown}


   Skills:
 + Level 2.8 Fighting
 + Level 3.7 Dodging
 + Level 4.0 Unarmed Combat
 + Level 2.8 Spellcasting


You couldn't memorise any spells.
You knew the following spells:

 Your Spells              Type           Power      Damage    Failure   Level
a - Beastly Appendage     Tmut           30%        N/A       4%          1
b - Wereblood             Tmut           15%        N/A       6%          2
c - Spider Form           Tmut/Pois      7%         N/A       13%         3
d - Ice Form              Ice/Tmut       15%        N/A       38%         4
e - Hydra Form            Tmut           7%         N/A       75%         5
f - Pain                  Necr           60%        1d7       4%          1
g - Ensorcelled Hibernat  Hex/Ice        30%        N/A       6%          2
Your spell library was empty.

Dungeon Overview and Level Annotations

Branches:
Dungeon (4/15)
 Temple: D:4-7

Altars:
Cheibriados
Nemelex Xobeh
Qazlal
Trog

Shops:
D:2 ?[


Innate Abilities, Weirdness & Mutations

You are immune to poison.
Your flesh is very heat resistant. (rF++)
You are vulnerable to cold. (rC-)
You float through the air rather than walking.
You learn spells naturally, not from books.
Your magical power is your life essence.
You have superior vitality. (+4 HP)


Message History

You fly upwards.
There is a stone staircase leading down here.
You fly downwards.
A ball python comes into view.
There is a stone staircase leading up here.
The ball python hisses angrily.
The orc barely misses you.
You fly upwards.
There is a stone staircase leading down here.
You hit the orc priest.
The orc priest is poisoned.
The orc priest is lightly wounded.
The orc priest invokes the aid of Beogh against you.
Pain shoots through your body! The orc hits you with a +0 flail!
You hit the orc priest but do no damage.
The orc priest looks even sicker.
The orc priest is lightly wounded.
The orc priest hits you with a +0 dagger.
The orc closely misses you.
You completely miss the orc priest.
The orc priest is moderately wounded.
The orc priest hits you with a +0 dagger.
The orc closely misses you.
You barely miss the orc priest. Your punch misses the orc priest.
The orc priest is moderately wounded.
The orc priest hits you but does no damage.
The orc closely misses you.
You hit the orc.
The orc is poisoned.
The orc is moderately wounded.
The orc priest hits you with a +0 dagger.
The orc hits you with a +0 flail.
You hit the orc but do no damage.
The orc looks as sick as possible!
The orc is moderately wounded.
The orc priest mumbles some strange prayers to Beogh against you.
Beogh smites you!
* * * LOW HITPOINT WARNING * * *
The orc hits you with a +0 flail.
* * * LOW HITPOINT WARNING * * *
The orc priest invokes the aid of Beogh against you.
Beogh smites you!
You die...

### #<# #.# #.# #.# #.#
########### #.#########
#.....[...#
#########.#.....@o####.#######.#
................o>...........#.#
......###.#.#####.####.#####.#.#
#####.# #.#.# #.#....#####.#.#
..###.# #.#.# #..........#.#.#
....#.# #.#.##########.###.#.#.#
..#.#.###.#............# #.#.#.#
..#.....#.############.###.#.#.##
..#...#.#........................


You could see an orc priest (very poisoned) and an orc (extremely poisoned).

Vanquished Creatures
  A jelly (D:4)
  3 gnolls (D:3)
  3 adders
  2 worms
  2 dart slugs
  5 orcs
  7 ball pythons
  5 bats
  10 endoplasms
  3 giant cockroaches
  8 goblins
  7 hobgoblins
  5 jackals
  3 quokkas
  7 kobolds
  29 rats
100 creatures vanquished.

Notes
Turn   | Place    | Note
-------+----------+-------------------------------------------
     0 | D:1      | streetpizza the Djinni Transmuter began the quest for the
                  | Orb.
     0 | D:1      | Reached XP level 1. HP: 17/17 MP: 0/0
   431 | D:1      | Reached XP level 2. HP: 22/22 MP: 0/0
  1023 | D:1      | Reached XP level 3. HP: 27/27 MP: 0/0
  1023 | D:1      | Learned a level 1 spell: Pain
  2201 | D:2      | Reached XP level 4. HP: 20/33 MP: 0/0
  2706 | D:2      | Found Noub's Antique Armour Shoppe.
  2846 | D:2      | Found Koscheczo's Magic Scroll Shop.
  3807 | D:3      | Reached XP level 5. HP: 32/39 MP: 0/0
  3807 | D:3      | Learned a level 2 spell: Ensorcelled Hibernation
  4156 | D:3      | Found a sparkling altar of Nemelex Xobeh.
  4158 | D:3      | Found a snail-covered altar of Cheibriados.
  4354 | D:3      | Found a stormy altar of Qazlal.
  4356 | D:3      | Found a bloodstained altar of Trog.
  5072 | D:4      | Reached skill level 4 in Unarmed Combat
  5225 | D:4      | Noticed a necrophage
  5352 | D:3      | Killed from afar by an orc priest

Illustrated notes

Levels and vault maps discovered:
D:1:      dpeg_arrival_pond, layout_basic
D:2:      layout_basic, serial_shops, shop, nicolae_shop_waterfront,
          minmay_rat_hole
D:3:      layout_basic, grunt_temple_overflow_open
D:4:      layout_layer_cave, ebering_ghost_sewer_f, chequers_mini_garden,
          uniq_sigmund

Skill      XL: |  1  2  3  4  5 |
---------------+----------------+-----
Spellcasting   | 2 |  2.8
Fighting       | 2 |  2.8
Dodging        | 3 |  3.7
Unarmed Combat | 4 |  4.0

Action                   |  1- 3 |  4- 6 || total
-------------------------+-------+-------++-------
Melee: Unarmed           |    37 |       ||    37
       Dagger            |   108 |   152 ||   260
       Punch             |       |     3 ||     3
Throw: Dart              |       |    18 ||    18
 Stab: Sleeping          |     3 |     3 ||     6
       Distracted        |       |     2 ||     2
Armor: Robe              |    22 |    17 ||    39
Dodge: Dodged            |    81 |   101 ||   182

Table legend: (Time is in decaauts)
 A = Elapsed time spent in this place.
 B = Non-inter-level travel time spent in this place.
 C = Inter-level travel time spent in this place.
 D = Time resting spent in this place.
 E = Time spent auto-exploring this place.
 F = Levels seen in this place.
 G = Mean time per level.
                   A        B        C        D        E       F      G
               +--------+--------+--------+--------+--------+-----+--------+
         Total |   5352 |   5151 |    201 |      0 |   4175 |   4 | 1338.0 |
       Dungeon |   5352 |   5151 |    201 |      0 |   4175 |   4 | 1338.0 |
               +--------+--------+--------+--------+--------+-----+--------+

Top non-repeatable levels by time:
     D:2: 1785 daAuts
     D:1: 1572 daAuts
     D:3: 1428 daAuts
     D:4: 566 daAuts
